 Dungeon Crawl Stone Soup version 0.18.1-6-gd335043 (webtiles) character file.

8163 Scarto the Fighter (level 11, -6/91 HPs)
             Began as a Demonspawn Berserker on May 19, 2016.
             Was a High Priest of Trog.
             Killed from afar by a raiju (26 damage)
             ... with a living lightning
             ... on level 1 of the Abyss.
             The game lasted 00:26:10 (12197 turns).

Scarto the Fighter (Demonspawn Berserker)          Turns: 12197, Time: 00:26:12

Health: -6/91      AC: 16    Str: 23    XL:     11   Next: 6%
Magic:  11/11      EV:  7    Int: 11    God:    Trog [*****.]
Gold:   704        SH:  8    Dex: 12    Spells: 0 memorised, 10 levels left

rFire  . . .     SeeInvis .     z - +3 hand axe "Vedynu" {pain, +Inv}
rCold  . . .     Gourm    .     n - +0 plate armour of Miracles {Regen+ Str+2 Int+2}
rNeg   . . .     Faith    .     p - +1 shield
rPois  .         Spirit   .     (no helmet)
rElec  .         Dismiss  .     (no cloak)
rCorr  .         Reflect  .     m - +1 pair of gloves
SustAt +         Harm     .     (boots unavailable)
MR     +....                    (no amulet)
Stlth  ..........               q - ring of sustain attributes
                                u - ring of protection from magic

@: exhausted, about to teleport, slowed, very slow, somewhat resistant to
hostile enchantments, extremely unstealthy
A: talons 3, rugged brown scales 1, powered by death 1
a: Berserk, Trog's Hand, Brothers in Arms, Burn Spellbooks, Renounce Religion,
Evoke Invisibility


You were on level 1 of the Abyss.
You worshipped Trog.
Trog was extremely pleased with you.
You were not hungry.

You visited 1 branch of the dungeon, and saw 10 of its levels.
You visited the Abyss 1 time.

You collected 704 gold pieces.

Inventory:

Hand Weapons
 c - the +4 dagger "Haqow" {freeze, +Rage rF+ MP+9}
   (You found it on level 10 of the Dungeon)

   It has been specially enchanted to freeze those struck by it, causing extra
   injury to most foes and up to half again as much damage against particularly
   susceptible opponents.
   It can also slow down cold-blooded creatures.
   It protects you from fire.
   It affects your magic capacity (+9).
   It lets you go berserk.
 z - the +3 hand axe "Vedynu" (weapon) {pain, +Inv}
   (You took it off a crimson imp on level 8 of the Dungeon)

   In the hands of one skilled in necromantic magic, it inflicts extra damage on
   living creatures.
   It lets you turn invisible.
Missiles
 w - 11 tomahawks (quivered)
Armour
 m - a +1 pair of gloves (worn)
 n - the +0 plate armour of Miracles (worn) {Regen+ Str+2 Int+2}
   (You found it on level 7 of the Dungeon)

   It affects your strength (+2).
   It affects your intelligence (+2).
   It increases your rate of regeneration.
 p - a +1 shield (worn)
Jewellery
 q - a ring of sustain attributes (right hand)
 u - a ring of protection from magic (left hand)
Wands
 y - a wand of flame (35/48)
Scrolls
 a - 2 scrolls of identify
 d - 4 scrolls of remove curse
 i - 4 scrolls of teleportation
 s - 2 scrolls of recharging
 x - a scroll of enchant armour
Potions
 b - a potion of might
 e - a potion of magic
 f - 2 potions of cure mutation
 g - a potion of invisibility {unknown}
 h - 3 potions of flight
 v - 5 potions of curing
 A - 2 potions of lignification
Comestibles
 j - a slice of pizza
 k - 4 meat rations
 l - 9 royal jellies
 o - 3 fruits
 r - 3 beef jerkies
 t - 3 bread rations


   Skills:
 + Level 9.2 Fighting
 + Level 8.5 Axes
 + Level 8.0 Armour
 + Level 8.1 Dodging


You had 10 spell levels left.
You didn't know any spells.

Dungeon Overview and Level Annotations

Branches:
Dungeon (10/15)            Temple (0/1) D:7
   Lair: D:8-11         Orc: D:9-12

Altars:
Dithmenos
Elyvilon
Pakellas
Ru
Zin

Shops:
D:7 %   D:10 [

Annotations:
D:10 Sonja


Innate Abilities, Weirdness & Mutations

You have claws for feet.
You are partially covered in rugged brown scales (AC +1, +3% HP).
You regenerate a little health from kills.


Message History

The living lightning hits you!
The living lightning hits the raiju.
The raiju completely resists.
The raiju blinks!
The raiju bursts into living lightning!
The living lightning hits you!
The raiju blinks!
Unknown command.
Unknown command.
Unknown command.
You are too injured to fight recklessly!
Read which item? (? for menu, Esc to quit)
As you read the scroll of teleportation, it crumbles to dust.
You feel strangely unstable.
You feel the power of the Abyss delaying your translocation!
The raiju bursts into living lightning!
The living lightning misses the raiju.
The living lightning hits you!
* * * LOW HITPOINT WARNING * * *
The living lightning hits the raiju.
The raiju completely resists.
The raiju blinks!
The raiju bursts into living lightning!
The living lightning hits you!
You die...

.... ####.#.#.
#........ #...#.#.#.#
#..........
#...#.#.#.#
.#########d..... ..
...ยง.h..@hh..#.#.#.#
##########..........
##...... #
#.##.##....## #....
.#....# ###..
..#..#.. .. #.##.#..
## ##.#... ## # #. #.
.# . .


You could see a yellow draconian and 3 raiju.

Vanquished Creatures
  Erica (D:8)
  Joseph (D:8)
  A worldbinder (Abyss:1)
  2 two-headed ogres
  4 yaks (D:9)
  A hippogriff (D:8)
  Menkaure (D:7)
  2 soldier ants (D:8)
  Duvessa (D:7)
  3 orc warriors
  3 ice beasts
  A sky beast (D:8)
  2 wasps
  A phantom (D:8)
  A necrophage (D:7)
  3 ogres (D:8)
  4 centaurs
  A big kobold (D:10)
  10 giant frogs
  A wyvern skeleton (D:7)
  2 small abominations (Abyss:1)
  A scorpion (D:9)
  Dowan (D:7)
  15 killer bees
  9 wights
  A centaur zombie (D:9)
  4 crimson imps
  6 hounds
  4 jellies
  A giant frog zombie (D:9)
  5 orc priests
  2 giant frog skeletons
  Crazy Yiuf (D:7)
  4 orc wizards
  2 centaur skeletons
  4 iguanas
  Ijyb (D:2)
  Natasha (thrice) (D:2)
  12 worker ants
  A hound zombie (D:7)
  A hound skeleton (D:5)
  A worker ant zombie (D:9)
  A howler monkey skeleton (D:5)
  13 adders
  A shadow imp (D:6)
  An ooze (D:5)
  3 worms
  2 dart slugs
  7 giant geckos
  21 orcs
  A ball python (D:1)
  7 giant cockroaches
  10 goblins
  3 hobgoblins
  15 jackals
  12 kobolds
  2 quokkas
  8 bats
  A giant gecko skeleton (D:8)
  2 giant gecko zombies
  4 giant newts
  11 rats
250 creatures vanquished.

Notes
Turn   | Place    | Note
--------------------------------------------------------------
     0 | D:1      | Scarto the Demonspawn Berserker began the quest for the Orb.
     0 | D:1      | Reached XP level 1. HP: 18/18 MP: 1/1
   465 | D:1      | Gained mutation: You have sharp toenails. [demonic ancestry]
   465 | D:1      | Reached XP level 2. HP: 20/24 MP: 2/2
   865 | D:1      | Reached ** piety under Trog
   867 | D:1      | Reached XP level 3. HP: 29/29 MP: 3/3
  1798 | D:2      | Noticed Ijyb
  1818 | D:2      | Killed Ijyb
  1818 | D:2      | Reached XP level 4. HP: 35/36 MP: 4/4
  2357 | D:2      | Reached *** piety under Trog
  2522 | D:2      | Noticed Natasha
  2529 | D:2      | Killed Natasha
  2556 | D:2      | Noticed Natasha
  2564 | D:2      | Killed Natasha
  2564 | D:2      | Gained mutation: You have razor-sharp toenails. [demonic ancestry]
  2564 | D:2      | Reached XP level 5. HP: 15/42 MP: 5/5
  2821 | D:2      | Noticed Natasha
  2828 | D:2      | Killed Natasha
  2903 | D:3      | Reached skill level 4 in Fighting
  3052 | D:3      | Found a faded altar to an unknown god.
  3504 | D:4      | Gained mutation: You are partially covered in rugged brown scales (AC +1, +3% HP). [demonic ancestry]
  3504 | D:4      | Reached XP level 6. HP: 22/49 MP: 6/6
  4721 | D:4      | Reached **** piety under Trog
  4831 | D:5      | Entered Level 5 of the Dungeon
  5084 | D:5      | Reached XP level 7. HP: 43/56 MP: 5/7
  6090 | D:5      | Found a white marble altar of Elyvilon.
  6140 | D:5      | Reached skill level 5 in Fighting
  6678 | D:6      | Reached skill level 5 in Axes
  6844 | D:6      | Found a glowing silver altar of Zin.
  6845 | D:6      | Found an oddly glowing altar of Pakellas.
  6886 | D:6      | Gained mutation: You regenerate a little health from kills. [demonic ancestry]
  6886 | D:6      | Reached XP level 8. HP: 54/63 MP: 5/8
  7151 | D:6      | Found a shadowy altar of Dithmenos.
  7303 | D:6      | Reached skill level 5 in Armour
  7333 | D:6      | Reached skill level 5 in Dodging
  8110 | D:7      | Noticed Menkaure
  8118 | D:7      | Killed Menkaure
  8118 | D:7      | Reached skill level 6 in Fighting
  8154 | D:7      | Found a staircase to the Ecumenical Temple.
  8585 | D:7      | Found Nucram's Food Shop.
  8601 | D:7      | Gained mutation: You have claws for feet. [demonic ancestry]
  8601 | D:7      | Reached XP level 9. HP: 50/72 MP: 6/9
  8702 | D:7      | Paralysed by a wasp for 1 turns
  8834 | D:7      | Got a spiked plate armour
  8847 | D:7      | Identified the cursed +0 plate armour of Miracles {Regen+ Str+2 Int+2} (You found it on level 7 of the Dungeon)
  8880 | D:7      | Noticed Dowan
  8887 | D:7      | Killed Dowan
  8890 | D:7      | Noticed Duvessa
  8944 | D:7      | Killed Duvessa
  8944 | D:7      | Reached skill level 7 in Fighting
  9011 | D:7      | Noticed Crazy Yiuf
  9020 | D:7      | Killed Crazy Yiuf
  9911 | D:8      | Noticed Joseph
  9927 | D:8      | Killed Joseph
 10203 | D:8      | Got a bone hand axe {pain}
 10205 | D:8      | Identified the cursed +3 hand axe "Vedynu" {pain, +Inv} (You took it off a crimson imp on level 8 of the Dungeon)
 10244 | D:8      | Reached XP level 10. HP: 82/82 MP: 7/10
 10247 | D:8      | Reached skill level 8 in Fighting
 10250 | D:8      | Received a gift from Trog
 10323 | D:8      | Noticed Erica
 10335 | D:8      | Killed Erica
 11228 | D:9      | Reached skill level 9 in Fighting
 11271 | D:9      | Found a sacrificial altar of Ru.
 11588 | D:9      | Reached ***** piety under Trog
 11789 | D:10     | Entered Level 10 of the Dungeon
 11939 | D:10     | Got a transparent dagger
 11940 | D:10     | Identified the +4 dagger "Haqow" {freeze, +Rage rF+ MP+9} (You found it on level 10 of the Dungeon)
 12069 | D:10     | Found Teovut's Armour Boutique.
 12091 | D:10     | Noticed Sonja
 12093 | D:10     | Cast into level 1 of the Abyss (Sonja)
 12113 | Abyss:1  | Reached XP level 11. HP: 52/91 MP: 11/11
 12197 | Abyss:1  | Killed from afar by a raiju

Skill      XL: |  1  2  3  4  5  6  7  8  9 10 11 |
---------------+----------------------------------+-----
Armour         | 2 3 4 5 6 7 8 |  8.0
Dodging        | 2 3 4 5 6 8 |  8.1
Axes           | 3 4 5 6 7 8 |  8.5
Fighting       | 4 5 6 7 9 |  9.2

Action                   |  1- 3 |  4- 6 |  7- 9 | 10-12 || total
-------------------------+-------+-------+-------+-------++-------
Melee: Hand axe          |   148 |   254 |   592 |   362 ||  1356
       Kick              |    37 |    59 |   197 |   125 ||   418
Invok: Berserk           |     2 |     1 |    11 |     5 ||    19
       Trog's Hand       |       |     1 |     6 |     3 ||    10
       Burn Spellbooks   |       |     1 |     1 |     1 ||     3
  Use: Scroll            |       |    11 |     4 |     8 ||    23
       Potion            |       |       |    10 |       ||    10
 Stab: Sleeping          |     2 |       |       |       ||     2
  Eat: Bread ration      |     1 |     2 |     3 |       ||     6
       Chunk             |       |     2 |     4 |     5 ||    11
       Meat ration       |       |     1 |     2 |     2 ||     5
Armor: Animal skin       |    17 |       |       |       ||    17
       Ring mail         |    18 |       |       |       ||    18
       Chain mail        |       |   149 |    84 |       ||   233
       Plate armour      |       |       |   187 |   190 ||   377
Dodge: Dodged            |   105 |   107 |   139 |   106 ||   457
Block: Shield            |       |    45 |   280 |   147 ||   472
